[Event "Czech Youth U16 Boys 2024"]
[Site "Kouty nad Desnou"]
[Date "2024.03.15"]
[Round "8.1"]
[White "Jasso, Matej"]
[Black "Prazak, Daniel"]
[Result "0-1"]
[ECO "C00"]
[WhiteElo "2060"]
[BlackElo "2223"]
[Annotator "RC"]
[PlyCount "108"]
[EventDate "2024.03.10"]
[EventType "swiss"]
[EventCountry "CZE"]
[SourceTitle "playchess.com"]
[Source "ChessBase"]
[SourceQuality "1"]
[TimeControl "40/5400+30:1800+30"]

1. e4 e6 2. d3 d5 3. Qe2 Nf6 4. Nf3 Nc6 5. exd5 Qxd5 6. Nc3 Bb4 7. Bd2 Qa5 8. Ne4 Nxe4 9. dxe4 Bd7 10. c3 Bd6 11. Qb5 Qxb5 12. Bxb5 a6 13. Bd3 O-O-O 14. Be3 Ne5 15. Nxe5 Bxe5 16. O-O-O Bc6 17. f3 h5 18. h3 h4 19. Be2 Bd6 20. Bc4 Rh5 21. Rhe1 Re8 22. Kc2 Ba4+ 23. Bb3 Bb5 24. Kc1 Bg3 25. Rh1 Reh8 26. Rd2 Bd6 27. Bd1 Bc6 28. f4 Bc5 29. Bxc5 Rxc5 30. Re1 Rh6 31. Bf3 Rf6 32. f5 Kb8 33. fxe6 Rxe6 34. Rd8+ Ka7 35. Rf1 f6 36. Rg8 Rg5 37. Rh8 Bxe4 38. Rxh4 Bxf3 39. gxf3 Rg2 40. Re4 Rb6 41. Rb4 Rxb4 42. cxb4 Kb6 43. f4 Rg3 44. Kc2 Rxh3 45. f5 Rg3 46. Re1 Kc6 47. Re8 Kd7 48. Rb8 b6 49. a4 Kc6 50. Rd8 Rg5 51. Rg8 Kd5 52. Rd8+ Kc4 53. Rd7 Kxb4 54. Rxc7 Kxa4 0-1

[Event "Czech Youth U16 Boys 2024"]
[Site "Kouty nad Desnou"]
[Date "2024.03.15"]
[Round "8.2"]
[White "Juracak, David"]
[Black "Hladky, Tadeas"]
[Result "1/2-1/2"]
[ECO "E24"]
[WhiteElo "1944"]
[BlackElo "2056"]
[Annotator "RC"]
[PlyCount "65"]
[EventDate "2024.03.10"]
[EventType "swiss"]
[EventCountry "CZE"]
[SourceTitle "playchess.com"]
[Source "ChessBase"]
[SourceQuality "1"]
[TimeControl "40/5400+30:1800+30"]

1. d4 Nf6 2. c4 e6 3. Nc3 Bb4 4. a3 Bxc3+ 5. bxc3 c5 6. f3 O-O 7. e4 d6 8. Bd3 Nc6 9. Ne2 Ne8 10. O-O b6 11. f4 f5 12. Ng3 Na5 13. Rb1 Qc7 14. d5 exd5 15. cxd5 c4 16. Bc2 fxe4 17. Nxe4 Nf6 18. Nxf6+ Rxf6 19. Be3 Bf5 20. Bd4 Rf7 21. g4 Bxc2 22. Qxc2 Nb3 23. Rxb3 cxb3 24. Qxb3 Qe7 25. Qc2 h5 26. h3 Raf8 27. f5 Qg5 28. Qg2 hxg4 29. hxg4 Re8 30. Qf3 Ref8 31. Qg2 Re7 32. Qf3 Ref7 33. Qg2 1/2-1/2

[Event "Czech Youth U16 Boys 2024"]
[Site "Kouty nad Desnou"]
[Date "2024.03.15"]
[Round "8.3"]
[White "Ulcak, Michael"]
[Black "Andrle, Filip"]
[Result "1-0"]
[ECO "B24"]
[WhiteElo "1929"]
[BlackElo "1943"]
[Annotator "RC"]
[PlyCount "127"]
[EventDate "2024.03.10"]
[EventType "swiss"]
[EventCountry "CZE"]
[SourceTitle "playchess.com"]
[Source "ChessBase"]
[SourceQuality "1"]
[TimeControl "40/5400+30:1800+30"]

1. e4 c5 2. Nc3 Nc6 3. Bb5 Nd4 4. Bc4 a6 5. d3 b5 6. Bb3 e6 7. Nge2 Nxb3 8. axb3 Bb7 9. O-O d6 10. Ng3 Nf6 11. f4 Be7 12. f5 e5 13. Bg5 b4 14. Bxf6 Bxf6 15. Nd5 Bxd5 16. exd5 Qb6 17. Kh1 O-O-O 18. Qg4 Kb7 19. Ne4 h5 20. Qe2 Be7 21. Nd2 Ra8 22. Nc4 Qc7 23. Na5+ Kc8 24. Ra4 Qd7 25. Nc6 Bd8 26. Qe4 Rh6 27. Qc4 a5 28. Nxb4 Rf6 29. Nc6 Rxf5 30. Raa1 g6 31. Kg1 Bg5 32. Qe4 Rxf1+ 33. Rxf1 f5 34. Qf3 h4 35. g4 fxg4 36. Qe4 g3 37. Rf8+ Kb7 38. Rxa8 Kxa8 39. Qxg6 Be3+ 40. Kg2 Kb7 41. Nxa5+ Kc7 42. hxg3 hxg3 43. Qxg3 Bf4 44. Qg6 e4 45. dxe4 Qe7 46. Nc4 Qh4 47. Kf3 Bh2 48. Qg7+ Kd8 49. Qg8+ Kc7 50. Qf7+ Kd8 51. Qg8+ Kc7 52. Qg4 Qf6+ 53. Qf5 Qh4 54. Ke2 Bf4 55. Qf7+ Kd8 56. Qg8+ Kc7 57. Qg7+ Kd8 58. Qg2 Qh5+ 59. Qf3 Qg5 60. Ne3 Be5 61. Kd3 Qg1 62. Nc4 Qd4+ 63. Ke2 Bf6 64. Qe3 1-0

[Event "Czech Youth U16 Boys 2024"]
[Site "Kouty nad Desnou"]
[Date "2024.03.15"]
[Round "8.4"]
[White "Zrubek, Dan"]
[Black "Fizer, Marek"]
[Result "0-1"]
[ECO "B60"]
[WhiteElo "1882"]
[BlackElo "2058"]
[Annotator "RC"]
[PlyCount "86"]
[EventDate "2024.03.10"]
[EventType "swiss"]
[EventCountry "CZE"]
[SourceTitle "playchess.com"]
[Source "ChessBase"]
[SourceQuality "1"]
[TimeControl "40/5400+30:1800+30"]

1. e4 c5 2. Nf3 d6 3. d4 cxd4 4. Nxd4 Nf6 5. Nc3 Nc6 6. Bg5 Bd7 7. Bxf6 gxf6 8. Nf5 Rc8 9. g3 Qb6 10. Nd5 Qxb2 11. c3 Ne5 12. Be2 Bb5 13. Rb1 Qxe2+ 14. Qxe2 Bxe2 15. Kxe2 b6 16. a4 Nd7 17. Nd4 e6 18. Ne3 Nc5 19. Nb5 a6 20. Nd4 Nxa4 21. Kd2 Be7 22. c4 Bd8 23. Nb3 b5 24. cxb5 axb5 25. Rhc1 Rxc1 26. Nxc1 Ba5+ 27. Kc2 Kd7 28. Rxb5 Rc8+ 29. Kd3 Be1 30. Na2 Bxf2 31. Ng4 Nc5+ 32. Ke2 Bd4 33. Rb4 Be5 34. Nxe5+ fxe5 35. Nc3 Ra8 36. Rb2 Ra3 37. Rc2 Nb3 38. Kd3 Nd4 39. Rb2 Kc6 40. Kc4 Ra5 41. Rf2 f5 42. exf5 exf5 43. Kb4 Rc5 0-1

[Event "Czech Youth U16 Boys 2024"]
[Site "Kouty nad Desnou"]
[Date "2024.03.15"]
[Round "8.5"]
[White "Zemek, Antonin"]
[Black "Juhanak, Daniel"]
[Result "0-1"]
[ECO "C02"]
[WhiteElo "1870"]
[BlackElo "2005"]
[Annotator "RC"]
[PlyCount "42"]
[EventDate "2024.03.10"]
[EventType "swiss"]
[EventCountry "CZE"]
[SourceTitle "playchess.com"]
[Source "ChessBase"]
[SourceQuality "1"]
[TimeControl "40/5400+30:1800+30"]

1. e4 c5 2. c3 e6 3. d4 d5 4. e5 Nc6 5. f4 Nh6 6. Nf3 cxd4 7. cxd4 Nf5 8. g4 Nfxd4 9. Nxd4 Qh4+ 10. Ke2 Bc5 11. Nf3 Qf2+ 12. Kd3 Bd7 13. Qe2 Nxe5+ 14. Kc2 Nxf3 15. Qxf2 Bxf2 16. Nc3 Bb6 17. Bg2 Nd4+ 18. Kd1 O-O 19. b3 Rac8 20. Bb2 Nb5 21. Rc1 Be3 0-1

[Event "Czech Youth U16 Boys 2024"]
[Site "Kouty nad Desnou"]
[Date "2024.03.15"]
[Round "8.6"]
[White "Hozda, Max"]
[Black "Rybackova, Lucie"]
[Result "0-1"]
[ECO "A45"]
[WhiteElo "2032"]
[BlackElo "1983"]
[Annotator "RC"]
[PlyCount "82"]
[EventDate "2024.03.10"]
[EventType "swiss"]
[EventCountry "CZE"]
[SourceTitle "playchess.com"]
[Source "ChessBase"]
[SourceQuality "1"]
[TimeControl "40/5400+30:1800+30"]

1. d4 Nf6 2. Nc3 d5 3. Bf4 a6 4. e3 c5 5. dxc5 Qa5 6. Bxb8 Rxb8 7. Qd4 e6 8. b4 Qc7 9. Nf3 b6 10. cxb6 Rxb6 11. Rb1 Rc6 12. Rb3 Ne4 13. Nd1 Be7 14. Qa1 Bf6 15. Nd4 Rxc2 16. Bd3 Rc1 17. Rb1 Rxb1 18. Qxb1 O-O 19. O-O Nd2 20. Bxh7+ Kh8 21. Qc2 Qxc2 22. Bxc2 Nxf1 23. Kxf1 e5 24. Nb3 Be7 25. a3 Bb7 26. Na5 Bc8 27. Bd3 Bf6 28. e4 Rd8 29. Ke2 dxe4 30. Bxe4 Bg5 31. Ne3 Bxe3 32. Kxe3 Rd1 33. Bc6 Rb1 34. Nc4 f6 35. Kd2 Be6 36. Na5 Rb2+ 37. Ke3 Bc8 38. f4 exf4+ 39. Kxf4 Ra2 40. Nc4 Be6 41. Na5 Rxa3 0-1

[Event "Czech Youth U16 Boys 2024"]
[Site "Kouty nad Desnou"]
[Date "2024.03.15"]
[Round "8.7"]
[White "Setina, Vaclav"]
[Black "Zelba, Lukas"]
[Result "1-0"]
[ECO "D02"]
[WhiteElo "2024"]
[BlackElo "1979"]
[Annotator "RC"]
[PlyCount "47"]
[EventDate "2024.03.10"]
[EventType "swiss"]
[EventCountry "CZE"]
[SourceTitle "playchess.com"]
[Source "ChessBase"]
[SourceQuality "1"]
[TimeControl "40/5400+30:1800+30"]

1. d4 d5 2. Nf3 e6 3. g3 c6 4. Bg2 f5 5. Nbd2 Nf6 6. Ne5 Bd6 7. Ndf3 O-O 8. Bf4 Ne4 9. h4 c5 10. dxc5 Bxc5 11. O-O Nc6 12. c4 Qb6 13. e3 Rd8 14. cxd5 Rxd5 15. Qe2 Bd7 16. Rfd1 Nxe5 17. Nxe5 Bb5 18. Qc2 Rad8 19. Rxd5 exd5 20. a4 Ba6 21. a5 Qb5 22. Bf1 Qb4 23. Bxa6 bxa6 24. Nc6 1-0

[Event "Czech Youth U16 Boys 2024"]
[Site "Kouty nad Desnou"]
[Date "2024.03.15"]
[Round "8.8"]
[White "Buchta, Bartolomej"]
[Black "Vysinsky, Otakar"]
[Result "1-0"]
[ECO "C89"]
[WhiteElo "1913"]
[BlackElo "1882"]
[Annotator "RC"]
[PlyCount "55"]
[EventDate "2024.03.10"]
[EventType "swiss"]
[EventCountry "CZE"]
[SourceTitle "playchess.com"]
[Source "ChessBase"]
[SourceQuality "1"]
[TimeControl "40/5400+30:1800+30"]

1. e4 e5 2. Nf3 Nc6 3. Bb5 a6 4. Ba4 Nf6 5. O-O Be7 6. Re1 b5 7. Bb3 O-O 8. c3 d5 9. exd5 Nxd5 10. Nxe5 Nxe5 11. Rxe5 c6 12. d4 Bd6 13. Re1 Qh4 14. g3 Qh3 15. Re4 g5 16. Qf1 Qh5 17. a4 Bf5 18. Nd2 Rae8 19. f3 Re6 20. axb5 Rh6 21. Qf2 axb5 22. Nf1 Qg6 23. Re1 Rh3 24. Qg2 Rh6 25. Qd2 f6 26. Ra6 Rd8 27. Rxc6 Bf8 28. Ne3 1-0

[Event "Czech Youth U16 Boys 2024"]
[Site "Kouty nad Desnou"]
[Date "2024.03.15"]
[Round "8.9"]
[White "Davidek, Zdenek"]
[Black "Zezula, Matej"]
[Result "1-0"]
[ECO "E04"]
[WhiteElo "2135"]
[BlackElo "1825"]
[Annotator "RC"]
[PlyCount "45"]
[EventDate "2024.03.10"]
[EventType "swiss"]
[EventCountry "CZE"]
[SourceTitle "playchess.com"]
[Source "ChessBase"]
[SourceQuality "1"]
[TimeControl "40/5400+30:1800+30"]

1. d4 d5 2. c4 e6 3. Nf3 Nf6 4. g3 dxc4 5. Bg2 a6 6. O-O Nc6 7. e3 Rb8 8. Qe2 b5 9. b3 cxb3 10. axb3 Be7 11. Bb2 O-O 12. Rc1 Qd7 13. Ne1 Bb7 14. Nd3 Rfd8 15. Rxc6 Bxc6 16. Ne5 Bxg2 17. Nxd7 Rxd7 18. Kxg2 Rb6 19. Nd2 Nd5 20. Rc1 Bb4 21. Nf3 h6 22. Ne5 Re7 23. e4 1-0

[Event "Czech Youth U16 Boys 2024"]
[Site "Kouty nad Desnou"]
[Date "2024.03.15"]
[Round "8.10"]
[White "Buchtova, Viktorie"]
[Black "Mikolas, Petr"]
[Result "1/2-1/2"]
[ECO "B90"]
[WhiteElo "1874"]
[BlackElo "1957"]
[Annotator "RC"]
[PlyCount "87"]
[EventDate "2024.03.10"]
[EventType "swiss"]
[EventCountry "CZE"]
[SourceTitle "playchess.com"]
[Source "ChessBase"]
[SourceQuality "1"]
[TimeControl "40/5400+30:1800+30"]

1. e4 c5 2. Nf3 d6 3. d4 cxd4 4. Nxd4 Nf6 5. Nc3 a6 6. Be3 e5 7. Nb3 Be7 8. f3 Be6 9. Qd2 h5 10. O-O-O Nbd7 11. h3 b5 12. Rg1 b4 13. Ne2 a5 14. Kb1 a4 15. Nbc1 d5 16. g4 d4 17. Bf2 b3 18. cxb3 axb3 19. a3 hxg4 20. hxg4 Rc8 21. Qe1 Rc2 22. Rd2 Nc5 23. Ng3 Qd7 24. Qd1 Rh2 25. Rxc2 bxc2+ 26. Qxc2 d3 27. Bxd3 Nxd3 28. Nxd3 Qb5 29. Nf1 Rh3 30. Nd2 Bxa3 31. Nxe5 Qxe5 32. bxa3 Qb5+ 33. Ka1 Qa6 34. Qb2 Nxg4 35. Rxg4 Bxg4 36. fxg4 Rxa3+ 37. Kb1 Qd3+ 38. Kc1 f6 39. Kd1 Qa6 40. Bd4 Ra2 41. Qb3 Qa4 42. Qxa4+ Rxa4 43. Be3 Kf7 44. Ke2 1/2-1/2

[Event "Czech Youth U16 Boys 2024"]
[Site "Kouty nad Desnou"]
[Date "2024.03.15"]
[Round "8.11"]
[White "Stein, Michael"]
[Black "Tegda, Vojtech"]
[Result "1/2-1/2"]
[ECO "C50"]
[WhiteElo "1883"]
[BlackElo "1936"]
[Annotator "RC"]
[PlyCount "62"]
[EventDate "2024.03.10"]
[EventType "swiss"]
[EventCountry "CZE"]
[SourceTitle "playchess.com"]
[Source "ChessBase"]
[SourceQuality "1"]
[TimeControl "40/5400+30:1800+30"]

1. e4 e5 2. Nf3 Nc6 3. Bc4 Nf6 4. d3 Bc5 5. O-O d6 6. c3 O-O 7. Bb3 Be6 8. Bc2 Bb6 9. h3 d5 10. Ng5 Bd7 11. exd5 Nxd5 12. Qf3 Nf6 13. Nd2 h6 14. Nge4 Nxe4 15. Qxe4 Be6 16. Bb3 Bxb3 17. axb3 Qf6 18. Nc4 Rad8 19. Be3 Qg6 20. Bxb6 Qxe4 21. dxe4 axb6 22. Rfd1 f6 23. b4 Rxd1+ 24. Rxd1 Rd8 25. Rxd8+ Nxd8 26. Ne3 c6 27. g3 b5 28. Kf1 Kf7 29. Ke2 g6 30. h4 Ke6 31. Kd3 Nf7 1/2-1/2

[Event "Czech Youth U16 Boys 2024"]
[Site "Kouty nad Desnou"]
[Date "2024.03.15"]
[Round "8.12"]
[White "Dvorak, Jan"]
[Black "Pressler, Tobias"]
[Result "0-1"]
[ECO "B01"]
[WhiteElo "2154"]
[BlackElo "1954"]
[Annotator "RC"]
[PlyCount "100"]
[EventDate "2024.03.10"]
[EventType "swiss"]
[EventCountry "CZE"]
[SourceTitle "playchess.com"]
[Source "ChessBase"]
[SourceQuality "1"]
[TimeControl "40/5400+30:1800+30"]

1. e4 d5 2. exd5 Qxd5 3. Nc3 Qd6 4. d4 Nf6 5. g3 Bg4 6. Nf3 c6 7. Bg2 g6 8. O-O Bg7 9. Re1 O-O 10. Bf4 Qb4 11. Qd2 Bxf3 12. Bxf3 e6 13. a3 Qa5 14. b4 Qd8 15. b5 Nd5 16. Bg5 Qc7 17. Nxd5 cxd5 18. Bf4 Qc4 19. c3 Rc8 20. Rab1 Nd7 21. Rec1 Bf8 22. Be2 Qa4 23. Ra1 Nb6 24. Rcb1 Nc4 25. Qe1 Qa5 26. a4 Na3 27. Rc1 Qxa4 28. Qd2 Qb3 29. Ra2 Nc4 30. Bxc4 Rxc4 31. Rb2 Qa4 32. Qe1 Qa3 33. Rcc2 Qe7 34. Ra2 a5 35. Rc1 b6 36. Rcc2 Qd7 37. Rcb2 a4 38. Qb1 Rxc3 39. Bd2 Rc4 40. Be3 a3 41. Rb3 Rac8 42. Qd3 Qa7 43. Qd2 Qa4 44. Qd3 Bb4 45. Bd2 Bxd2 46. Raxa3 Rc1+ 47. Kg2 Qc4 48. Qxd2 Qf1+ 49. Kf3 Qh1+ 50. Kg4 Qxh2 0-1

[Event "Czech Youth U16 Boys 2024"]
[Site "Kouty nad Desnou"]
[Date "2024.03.16"]
[Round "9.1"]
[White "Prazak, Daniel"]
[Black "Ulcak, Michael"]
[Result "1-0"]
[ECO "C49"]
[WhiteElo "2223"]
[BlackElo "1929"]
[Annotator "RC"]
[PlyCount "61"]
[EventDate "2024.03.10"]
[EventType "swiss"]
[EventCountry "CZE"]
[SourceTitle "playchess.com"]
[Source "ChessBase"]
[SourceQuality "1"]
[TimeControl "40/5400+30:1800+30"]

1. e4 e5 2. Nf3 Nc6 3. Nc3 Nf6 4. Bb5 Bb4 5. O-O d6 6. Nd5 Ba5 7. c3 a6 8. Bxc6+ bxc6 9. Qa4 Nxd5 10. Qxc6+ Bd7 11. Qxd5 Bb6 12. d3 Be6 13. Qb7 Ra7 14. Qc6+ Bd7 15. Qc4 Bb5 16. Qb3 Bxd3 17. Re1 Bb5 18. a4 Bd7 19. a5 Bc5 20. Qd5 Ra8 21. Nxe5 O-O 22. Nxd7 Qxd7 23. b4 Ba7 24. Be3 Bxe3 25. Rxe3 Rab8 26. Rd1 Qb5 27. e5 Rfd8 28. Qxb5 Rxb5 29. exd6 cxd6 30. Rxd6 Rc8 31. g3 1-0

[Event "Czech Youth U16 Boys 2024"]
[Site "Kouty nad Desnou"]
[Date "2024.03.16"]
[Round "9.2"]
[White "Fizer, Marek"]
[Black "Hladky, Tadeas"]
[Result "1-0"]
[ECO "C02"]
[WhiteElo "2058"]
[BlackElo "2056"]
[Annotator "RC"]
[PlyCount "67"]
[EventDate "2024.03.10"]
[EventType "swiss"]
[EventCountry "CZE"]
[SourceTitle "playchess.com"]
[Source "ChessBase"]
[SourceQuality "1"]
[TimeControl "40/5400+30:1800+30"]

1. e4 e6 2. d4 d5 3. e5 c5 4. c3 Nc6 5. Nf3 Nh6 6. Bd3 cxd4 7. O-O Nf5 8. Bxf5 exf5 9. Nxd4 Be6 10. Re1 Be7 11. f4 Qb6 12. Kh1 O-O 13. Nxe6 fxe6 14. Qe2 Qc7 15. Be3 a6 16. Qf2 b5 17. Nd2 Rfc8 18. Nb3 a5 19. Rad1 g6 20. Nc5 Nd8 21. Nb3 Nb7 22. Nd4 Qd7 23. Qe2 b4 24. c4 Rxc4 25. Nxf5 Rac8 26. Nh6+ Kg7 27. Ng4 Rc2 28. Qf3 Rf8 29. Qh3 Rf5 30. Nf6 Bxf6 31. exf6+ Kg8 32. Bd4 Rxf4 33. Qh6 Rf5 34. Rxe6 1-0

[Event "Czech Youth U16 Boys 2024"]
[Site "Kouty nad Desnou"]
[Date "2024.03.16"]
[Round "9.3"]
[White "Juhanak, Daniel"]
[Black "Jasso, Matej"]
[Result "1-0"]
[ECO "B90"]
[WhiteElo "2005"]
[BlackElo "2060"]
[Annotator "RC"]
[PlyCount "81"]
[EventDate "2024.03.10"]
[EventType "swiss"]
[EventCountry "CZE"]
[SourceTitle "playchess.com"]
[Source "ChessBase"]
[SourceQuality "1"]
[TimeControl "40/5400+30:1800+30"]

1. e4 c5 2. Nf3 d6 3. d4 cxd4 4. Nxd4 Nf6 5. Nc3 a6 6. a3 e5 7. Nf5 d5 8. Bg5 d4 9. Bxf6 gxf6 10. Nb1 Bxf5 11. exf5 Qa5+ 12. Nd2 Bh6 13. Bd3 Nc6 14. b4 Bxd2+ 15. Qxd2 Qd5 16. f3 Na7 17. Be4 Qd7 18. c4 Nc6 19. Qd3 Ke7 20. O-O Rab8 21. c5 b5 22. Rae1 Kd8 23. Qd2 d3 24. Bxc6 Qxc6 25. Qxd3+ Kc7 26. Rd1 Rbd8 27. Qe4 Qxe4 28. fxe4 Kc6 29. Kf2 Rhg8 30. g3 h6 31. Ke2 Rh8 32. Rxd8 Rxd8 33. Rd1 Rh8 34. Rd6+ Kb7 35. Rxf6 Rh7 36. Kf3 h5 37. Rd6 h4 38. g4 Rh8 39. g5 Rg8 40. Kg4 h3 41. Rd7+ 1-0

[Event "Czech Youth U16 Boys 2024"]
[Site "Kouty nad Desnou"]
[Date "2024.03.16"]
[Round "9.4"]
[White "Rybackova, Lucie"]
[Black "Juracak, David"]
[Result "0-1"]
[ECO "A00"]
[WhiteElo "1983"]
[BlackElo "1944"]
[Annotator "ChessBase"]
[PlyCount "68"]
[EventDate "2024.03.10"]
[EventType "swiss"]
[EventCountry "CZE"]
[SourceTitle "playchess.com"]
[Source "ChessBase"]
[SourceQuality "1"]
[TimeControl "40/5400+30:1800+30"]

1. g3 e6 2. Bg2 g6 3. c4 Bg7 4. d4 Ne7 5. Nc3 d6 6. e4 Nd7 7. Nge2 O-O 8. O-O e5 9. Be3 b6 10. f4 Bb7 11. dxe5 dxe5 12. Qc2 c6 13. Rad1 Qc7 14. f5 Rad8 15. Rxd7 Rxd7 16. f6 Bh8 17. fxe7 Rxe7 18. Rd1 Rd8 19. Rf1 Rf8 20. Kh1 Bg7 21. Ng1 Bc8 22. Bh3 h6 23. Bxc8 Qxc8 24. Kg2 f5 25. Qd2 f4 26. gxf4 Qg4+ 27. Kh1 exf4 28. Rxf4 Rxf4 29. Bxf4 Bxc3 30. Qd8+ Kf7 31. Qd6 Be5 32. Bxe5 Qxe4+ 33. Nf3 Qxf3+ 34. Kg1 Qe3+ 0-1

[Event "Czech Youth U16 Boys 2024"]
[Site "Kouty nad Desnou"]
[Date "2024.03.16"]
[Round "9.5"]
[White "Andrle, Filip"]
[Black "Setina, Vaclav"]
[Result "1/2-1/2"]
[ECO "B11"]
[WhiteElo "1943"]
[BlackElo "2024"]
[Annotator "RC"]
[PlyCount "96"]
[EventDate "2024.03.10"]
[EventType "swiss"]
[EventCountry "CZE"]
[SourceTitle "playchess.com"]
[Source "ChessBase"]
[SourceQuality "1"]
[TimeControl "40/5400+30:1800+30"]

1. e4 c6 2. Nc3 d5 3. Nf3 Bg4 4. h3 Bh5 5. d4 e6 6. Be2 Bb4 7. e5 Nd7 8. O-O Ne7 9. a3 Bxc3 10. bxc3 b5 11. a4 Bxf3 12. Bxf3 Nb6 13. axb5 cxb5 14. Be2 Qd7 15. f4 g6 16. g4 Nc4 17. Bd3 h5 18. Qf3 hxg4 19. hxg4 Rc8 20. Rf2 Rc6 21. Rh2 Rxh2 22. Kxh2 a6 23. Qh3 Kd8 24. Ba3 Nxa3 25. Rxa3 Rb6 26. Qh7 Qe8 27. Kg3 Kc7 28. Kf2 Kb7 29. Ke3 Ka7 30. Kd2 Qg8 31. Qh1 Qc8 32. Qh7 Qg8 33. Qh1 Qf8 34. Qh7 Rb7 35. Ra1 Qg8 36. Qh1 Rb8 37. Qh3 g5 38. f5 exf5 39. gxf5 Qh8 40. Qg2 Qh4 41. f6 Qf4+ 42. Ke2 Nf5 43. Bxf5 Qxf5 44. Kd2 Qf4+ 45. Kd3 Qf5+ 46. Kd2 Qf4+ 47. Kd3 Qf5+ 48. Kd2 Qf4+ 1/2-1/2

[Event "Czech Youth U16 Boys 2024"]
[Site "Kouty nad Desnou"]
[Date "2024.03.16"]
[Round "9.6"]
[White "Davidek, Zdenek"]
[Black "Buchta, Bartolomej"]
[Result "1/2-1/2"]
[ECO "E19"]
[WhiteElo "2135"]
[BlackElo "1913"]
[Annotator "RC"]
[PlyCount "114"]
[EventDate "2024.03.10"]
[EventType "swiss"]
[EventCountry "CZE"]
[SourceTitle "playchess.com"]
[Source "ChessBase"]
[SourceQuality "1"]
[TimeControl "40/5400+30:1800+30"]

1. Nf3 Nf6 2. c4 e6 3. g3 b6 4. Bg2 Bb7 5. O-O Be7 6. d4 O-O 7. Nc3 Ne4 8. Qc2 Nxc3 9. Qxc3 d6 10. Qd3 f5 11. Qe3 Qc8 12. b3 Re8 13. Bb2 Bf6 14. Bh3 Nd7 15. Nd2 g6 16. f3 e5 17. d5 c6 18. dxc6 Bxc6 19. Nb1 e4 20. Bxf6 Nxf6 21. Qd4 Qe6 22. Nc3 exf3 23. exf3 Qe3+ 24. Qxe3 Rxe3 25. Nd5 Nxd5 26. cxd5 Bxd5 27. Rad1 Bb7 28. Rxd6 Rae8 29. Rd7 Bxf3 30. Rxa7 Bc6 31. Rc1 Re1+ 32. Rxe1 Rxe1+ 33. Kf2 Rh1 34. Bf1 Rxh2+ 35. Ke3 b5 36. a4 Rb2 37. axb5 Rxb3+ 38. Kd4 Bxb5 39. Rb7 Bxf1 40. Rxb3 Bh3 41. Rb7 g5 42. Ke5 f4 43. gxf4 gxf4 44. Rb3 Bg4 45. Kxf4 h5 46. Rb7 Kf8 47. Ke5 Ke8 48. Rh7 Kf8 49. Kf6 Ke8 50. Ra7 Kd8 51. Ke5 Ke8 52. Rh7 Kf8 53. Kf6 Ke8 54. Re7+ Kd8 55. Re4 Kd7 56. Kf7 Kd6 57. Kf6 Kd7 1/2-1/2

[Event "Czech Youth U16 Boys 2024"]
[Site "Kouty nad Desnou"]
[Date "2024.03.16"]
[Round "9.7"]
[White "Zemek, Antonin"]
[Black "Zrubek, Dan"]
[Result "1-0"]
[ECO "B22"]
[WhiteElo "1870"]
[BlackElo "1882"]
[Annotator "NA RC"]
[PlyCount "75"]
[EventDate "2024.03.10"]
[EventType "swiss"]
[EventCountry "CZE"]
[SourceTitle "playchess.com"]
[Source "ChessBase"]
[SourceQuality "1"]
[TimeControl "40/5400+30:1800+30"]

1. e4 c5 2. c3 d5 3. exd5 Qxd5 4. d4 cxd4 5. cxd4 e5 6. Nf3 Nc6 7. Nc3 Bb4 8. Be3 Bg4 9. Be2 exd4 10. O-O Bxc3 11. bxc3 d3 12. Qxd3 Nf6 13. Bd4 Nxd4 14. Nxd4 O-O 15. Rab1 Bxe2 16. Qxe2 Rfe8 17. Qd3 Rac8 18. Rfd1 Ne4 19. Re1 g6 20. Qb5 Qxa2 21. Rb2 Qa3 22. Rbe2 Qxc3 23. Nf3 Kf8 24. Rxe4 Rxe4 25. Rxe4 Qa1+ 26. Ne1 Rc1 27. Kf1 Rb1 28. Qc5+ Kg7 29. Re8 Qa6+ 30. Kg1 Qa1 31. Qf8+ Kf6 32. Qe7+ Kg7 33. g4 Qa5 34. g5 Rxe1+ 35. Qxe1 Qxg5+ 36. Kf1 Qb5+ 37. Qe2 Kf6 38. Qxb5 1-0

[Event "Czech Youth U16 Boys 2024"]
[Site "Kouty nad Desnou"]
[Date "2024.03.16"]
[Round "9.8"]
[White "Mikolas, Petr"]
[Black "Stein, Michael"]
[Result "1-0"]
[ECO "C18"]
[WhiteElo "1957"]
[BlackElo "1883"]
[Annotator "RC"]
[PlyCount "89"]
[EventDate "2024.03.10"]
[EventType "swiss"]
[EventCountry "CZE"]
[SourceTitle "playchess.com"]
[Source "ChessBase"]
[SourceQuality "1"]
[TimeControl "40/5400+30:1800+30"]

1. e4 e6 2. d4 d5 3. Nc3 Bb4 4. e5 c5 5. a3 Bxc3+ 6. bxc3 Ne7 7. Qg4 Qc7 8. Bd3 c4 9. Be2 Nf5 10. h4 Bd7 11. h5 h6 12. Nf3 Nc6 13. Nh4 Nce7 14. f4 O-O-O 15. Bd2 Rdg8 16. Nxf5 Nxf5 17. Qh3 Ne7 18. Be3 g6 19. g4 Qa5 20. Kd2 Qd8 21. Rh2 Qf8 22. Qh4 gxh5 23. Qxh5 f5 24. Rah1 Be8 25. Qh3 Kd7 26. g5 h5 27. Qf1 h4 28. Rxh4 Rxh4 29. Rxh4 Ng6 30. Rh7+ Kc8 31. Bxc4 Rh8 32. Rxh8 Qxh8 33. Bb5 Qh2+ 34. Kc1 Bxb5 35. Qxb5 Nxf4 36. Qe8+ Kc7 37. Qe7+ Kc8 38. Bxf4 Qxf4+ 39. Kb2 Qf1 40. Qxe6+ Kc7 41. Qd6+ Kc8 42. Qxd5 Qa6 43. e6 Qb6+ 44. Kc1 f4 45. Qc5+ 1-0

[Event "Czech Youth U16 Boys 2024"]
[Site "Kouty nad Desnou"]
[Date "2024.03.16"]
[Round "9.9"]
[White "Vysinsky, Otakar"]
[Black "Zezula, Matej"]
[Result "1-0"]
[ECO "B23"]
[WhiteElo "1882"]
[BlackElo "1825"]
[Annotator "NA RC"]
[PlyCount "61"]
[EventDate "2024.03.10"]
[EventType "swiss"]
[EventCountry "CZE"]
[SourceTitle "playchess.com"]
[Source "ChessBase"]
[SourceQuality "1"]
[TimeControl "40/5400+30:1800+30"]

1. e4 c5 2. Nc3 e6 3. g3 d5 4. exd5 exd5 5. Bg2 Nf6 6. d3 d4 7. Ne4 Nxe4 8. dxe4 Be7 9. Ne2 O-O 10. O-O Nc6 11. Nf4 Rb8 12. Nd5 Be6 13. Nxe7+ Qxe7 14. f4 Bc4 15. Re1 Rfd8 16. b3 Ba6 17. Bb2 b5 18. a3 Qd7 19. Qh5 Ne7 20. Rad1 Qc7 21. Bc1 c4 22. f5 Qb6 23. e5 g6 24. fxg6 hxg6 25. Qg5 Nd5 26. e6 d3+ 27. Kh1 Nc3 28. exf7+ Kxf7 29. Re7+ Kg8 30. Qh6 Qf6 31. Qh7+ 1-0

[Event "Czech Youth U16 Boys 2024"]
[Site "Kouty nad Desnou"]
[Date "2024.03.16"]
[Round "9.10"]
[White "Pressler, Tobias"]
[Black "Buchtova, Viktorie"]
[Result "0-1"]
[ECO "A02"]
[WhiteElo "1954"]
[BlackElo "1874"]
[Annotator "RC"]
[PlyCount "104"]
[EventDate "2024.03.10"]
[EventType "swiss"]
[EventCountry "CZE"]
[SourceTitle "playchess.com"]
[Source "ChessBase"]
[SourceQuality "1"]
[TimeControl "40/5400+30:1800+30"]

1. f4 Nf6 2. Nf3 g6 3. g3 Bg7 4. Bg2 d5 5. O-O c5 6. d3 Nc6 7. c3 O-O 8. Qc2 d4 9. e4 dxe3 10. Bxe3 Bf5 11. Rd1 c4 12. Ne1 Ng4 13. Qe2 Nd4 14. Qd2 cxd3 15. Na3 Nc2 16. Nexc2 dxc2 17. Rdc1 Qxd2 18. Bxd2 Rfd8 19. Be1 Ne3 20. Bf3 Rd7 21. Kf2 Nd1+ 22. Bxd1 cxd1=Q 23. Rxd1 Rad8 24. Rxd7 Rxd7 25. Nc4 b5 26. Ne3 Be6 27. a4 Rb7 28. axb5 Rxb5 29. Rxa7 Rxb2+ 30. Kf3 Rb3 31. Ra8+ Bf8 32. Ke4 f5+ 33. Ke5 Kf7 34. Rxf8+ Kxf8 35. Kxe6 Rb2 36. Nc4 Re2+ 37. Ne5 Rxe1 38. Kd7 Re2 39. c4 Rxh2 40. c5 Rd2+ 41. Kc8 Rg2 42. c6 Rxg3 43. c7 Ke8 44. Kb7 Rb3+ 45. Ka6 Rc3 46. Kb7 h5 47. c8=Q+ Rxc8 48. Kxc8 h4 49. Nf3 h3 50. Kc7 e5 51. fxe5 g5 52. Kd6 g4 0-1